2222 views
Uploaded 2022-06-23 23:58:16
Game version 1.32.10
18:36 long 1on1on1on1 ladder game on (6)NeonCity
Saved by ǢƂŎ
2222 views
Uploaded 2022-06-23 23:58:16
Game version 1.32.10
18:36 long 1on1on1on1 ladder game on (6)NeonCity

80 units @ 6.1k
/ 0.4k
58 buildings @ 8.9k
/ 4.3k


| Staff of Preservation | 2 | 300 |
| Moonstone | 1 | 50 |
| Orb of Venom | 1 | 325 |
| Scroll of Town Portal | 2 | 700 |
| Potion of Lesser Invulnerability | 1 | 150 |
| total: | 7 | 1525g |
| Wisp | 68 | 4080 | / | 0 |
| Archer | 7 | 910 | / | 70 |
| Dryad | 2 | 290 | / | 120 |
| Faerie Dragon | 1 | 155 | / | 25 |
| Druid of the Claw | 1 | 255 | / | 80 |
| Goblin Shredder | 1 | 375 | / | 100 |
| total: | 80 | 6065g | / | 395w |
| Ancient Protector | 22 | 2970 | / | 1760 |
| Moon Well | 9 | 1620 | / | 360 |
| Ancient of War | 13 | 1950 | / | 780 |
| Altar of Elders | 1 | 180 | / | 50 |
| Ancient of Wonders | 4 | 360 | / | 120 |
| Hunter's Hall | 2 | 420 | / | 200 |
| Tree of Life | 2 | 680 | / | 370 |
| Ancient of Lore | 2 | 310 | / | 290 |
| Ancient of Wind | 3 | 450 | / | 420 |
| Tree of Ages | 1 | 320 | / | 180 |
| Tree of Eternity | 1 | 330 | / | 200 |
| total: | 58 | 8940g | / | 4350w |
| 0:01 | Wisp |
| 0:01 | Wisp |
| 0:04 | Moon Well |
| 0:17 | Ancient of War |
| 0:20 | Wisp |
| 0:39 | Wisp |
| 0:40 | Wisp |
| 0:53 | Moon Well |
| 0:54 | Wisp |
| 1:14 | Altar of Elders |
| 1:20 | Archer |
| 1:21 | Archer |
| 1:27 | Wisp |
| 1:27 | Wisp |
| 1:40 | Archer |
| 1:46 | Wisp |
| 1:46 | Wisp |
| 1:52 | Wisp |
| 2:05 | Archer |
| 2:05 | Archer |
| 2:21 | Wisp |
| 2:29 | Black Arrow |
| 2:47 | Archer |
| 2:48 | Wisp |
| 2:53 | Wisp |
| 3:21 | Tree of Ages |
| 3:25 | Moon Well |
| 3:34 | Ancient of Wonders |
| 3:36 | Ancient of Wonders |
| 3:58 | Hunter's Hall |
| 4:02 | Hunter's Hall |
| 4:15 | Archer |
| 4:27 | Moon Well |
| 4:30 | Moon Well |
| 5:32 | Strength of the Wild |
| 5:33 | Reinforced Hides |
| 5:38 | Silence |
| 6:19 | Black Arrow |
| 6:21 | Tree of Life |
| 6:23 | Wisp |
| 6:24 | Wisp |
| 6:24 | Wisp |
| 6:29 | Ancient of Lore |
| 6:37 | Ancient of Wind |
| 6:45 | Wisp |
| 6:50 | Acid Bomb |
| 7:24 | Tree of Life |
| 7:42 | Chemical Rage |
| 7:57 | Tree of Eternity |
| 8:06 | Staff of Preservation |
| 8:07 | Moonstone |
| 8:37 | Dryad |
| 8:38 | Dryad |
| 8:39 | Faerie Dragon |
| 8:43 | Wisp |
| 8:44 | Wisp |
| 8:44 | Wisp |
| 8:45 | Wisp |
| 8:45 | Wisp |
| 9:01 | Wisp |
| 9:02 | Wisp |
| 9:16 | Silence |
| 9:27 | Wisp |
| 9:27 | Wisp |
| 9:27 | Wisp |
| 9:27 | Wisp |
| 9:28 | Wisp |
| 9:36 | Abolish Magic |
| 9:37 | Druid of the Claw Adept Training |
| 9:59 | Acid Bomb |
| 10:27 | Wisp |
| 10:27 | Wisp |
| 10:27 | Wisp |
| 10:27 | Wisp |
| 10:27 | Wisp |
| 10:28 | Wisp |
| 10:28 | Wisp |
| 10:30 | Wisp |
| 10:31 | Wisp |
| 10:31 | Wisp |
| 10:31 | Wisp |
| 10:31 | Wisp |
| 10:31 | Wisp |
| 10:31 | Wisp |
| 10:38 | Wisp |
| 10:42 | Druid of the Claw |
| 10:49 | Ancient of Lore |
| 10:52 | Ancient of Wind |
| 10:55 | Ancient of Wind |
| 10:58 | Ancient of War |
| 11:00 | Ancient of War |
| 11:01 | Ancient of War |
| 11:04 | Ancient of War |
| 11:06 | Ancient of War |
| 11:28 | Goblin Shredder |
| 11:38 | Moon Well |
| 11:39 | Moon Well |
| 12:05 | Druid of the Claw Master Training |
| 12:32 | Ancient of War |
| 12:33 | Ancient of War |
| 12:34 | Ancient of War |
| 12:35 | Ancient of War |
| 12:37 | Ancient Protector |
| 12:42 | Ancient Protector |
| 12:43 | Ancient Protector |
| 12:44 | Wisp |
| 12:44 | Wisp |
| 12:44 | Wisp |
| 12:44 | Wisp |
| 12:44 | Wisp |
| 12:44 | Wisp |
| 12:45 | Wisp |
| 12:52 | Ancient Protector |
| 12:56 | Ancient Protector |
| 12:58 | Ancient Protector |
| 13:02 | Well Spring |
| 13:03 | Ultravision |
| 13:07 | Hardened Skin |
| 13:09 | Resistant Skin |
| 13:17 | Staff of Preservation |
| 13:40 | Orb of Venom |
| 13:43 | Scroll of Town Portal |
| 13:51 | Mark of the Claw |
| 13:58 | Ancient of War |
| 13:59 | Ancient of War |
| 14:00 | Ancient of War |
| 14:03 | Ancient Protector |
| 14:04 | Ancient Protector |
| 14:05 | Ancient Protector |
| 14:07 | Ancient Protector |
| 14:09 | Wisp |
| 14:09 | Wisp |
| 14:09 | Wisp |
| 14:09 | Wisp |
| 14:20 | Ancient Protector |
| 14:23 | Ancient Protector |
| 14:24 | Ancient Protector |
| 14:26 | Ancient Protector |
| 14:46 | Nature's Blessing |
| 14:48 | Backpack |
| 15:22 | Ancient of Wonders |
| 15:41 | Moon Well |
| 15:52 | Moon Well |
| 16:07 | Ancient Protector |
| 16:15 | Ancient Protector |
| 16:17 | Ancient of Wonders |
| 16:19 | Ancient Protector |
| 16:20 | Ancient Protector |
| 16:25 | Ancient Protector |
| 16:28 | Wisp |
| 16:28 | Wisp |
| 16:29 | Wisp |
| 16:29 | Wisp |
| 16:29 | Wisp |
| 16:29 | Wisp |
| 16:29 | Wisp |
| 16:37 | Wisp |
| 16:38 | Wisp |
| 16:41 | Improved Strength of the Wild |
| 16:41 | Improved Reinforced Hides |
| 16:54 | Chemical Rage |
| 17:11 | Ancient Protector |
| 17:12 | Ancient Protector |
| 17:16 | Ancient Protector |
| 17:23 | Wisp |
| 17:24 | Wisp |
| 17:24 | Wisp |
| 18:16 | Scroll of Town Portal |
| 18:16 | Potion of Lesser Invulnerability |
| 18:20 | Black Arrow |
| Right click | 711 |
| Select | 443 |
| Select group | 370 |
| Build/train/purchase | 132 |
| Assign group | 50 |
| Misc. action | 41 |
| Use ability | 25 |
| Item give/drop | 7 |
60 units @ 6.3k
/ 0.6k
18 buildings @ 3.3k
/ 1.4k



| Staff of Preservation | 2 | 300 |
| Moonstone | 2 | 100 |
| Orb of Venom | 1 | 325 |
| Lesser Clarity Potion | 1 | 70 |
| Boots of Speed | 3 | 750 |
| Staff of Teleportation | 1 | 150 |
| total: | 10 | 1695g |
| Wisp | 31 | 1860 | / | 0 |
| Archer | 14 | 1820 | / | 140 |
| Hippogryph | 6 | 960 | / | 120 |
| Druid of the Talon | 7 | 1015 | / | 140 |
| Druid of the Claw | 1 | 255 | / | 80 |
| Goblin Shredder | 1 | 375 | / | 100 |
| total: | 60 | 6285g | / | 580w |
| Altar of Elders | 2 | 360 | / | 100 |
| Moon Well | 6 | 1080 | / | 240 |
| Ancient of War | 3 | 450 | / | 180 |
| Tree of Life | 2 | 680 | / | 370 |
| Ancient of Wonders | 1 | 90 | / | 30 |
| Hunter's Hall | 1 | 210 | / | 100 |
| Ancient of Wind | 2 | 300 | / | 280 |
| Ancient of Lore | 1 | 155 | / | 145 |
| Tree of Ages | 1 | 320 | / | 180 |
| Tree of Eternity | 1 | 330 | / | 200 |
| total: | 18 | 3325g | / | 1445w |
| 0:01 | Wisp |
| 0:01 | Altar of Elders |
| 0:05 | Altar of Elders |
| 0:08 | Wisp |
| 0:13 | Moon Well |
| 0:28 | Wisp |
| 0:31 | Ancient of War |
| 0:40 | Wisp |
| 0:52 | Wisp |
| 0:58 | Ancient of War |
| 1:02 | Wisp |
| 1:12 | Wisp |
| 1:12 | Wisp |
| 1:28 | Moon Well |
| 1:36 | Wisp |
| 1:46 | Wisp |
| 2:04 | Ancient of War |
| 2:06 | Wisp |
| 2:13 | Wisp |
| 2:18 | Mana Burn |
| 2:32 | Wisp |
| 2:49 | Tree of Ages |
| 3:13 | Archer |
| 3:14 | Archer |
| 3:16 | Evasion |
| 3:37 | Tree of Life |
| 4:03 | Archer |
| 4:33 | Archer |
| 4:38 | Ancient of Wonders |
| 4:39 | Moon Well |
| 5:38 | Boots of Speed |
| 5:44 | Wisp |
| 5:55 | Improved Bows |
| 6:05 | Wisp |
| 6:05 | Wisp |
| 6:11 | Staff of Preservation |
| 6:18 | Frost Arrows |
| 6:30 | Wisp |
| 6:31 | Wisp |
| 6:53 | Goblin Shredder |
| 7:08 | Archer |
| 7:09 | Ancient of Wind |
| 7:16 | Ancient of Wind |
| 7:31 | Wisp |
| 7:43 | Archer |
| 7:46 | Tree of Eternity |
| 7:50 | Forked Lightning |
| 8:01 | Tree of Life |
| 8:06 | Archer |
| 8:09 | Evasion |
| 8:20 | Hippogryph |
| 8:21 | Hippogryph |
| 8:24 | Moon Well |
| 8:32 | Archer |
| 9:09 | Archer |
| 9:34 | Archer |
| 9:35 | Hippogryph |
| 9:46 | Archer |
| 10:09 | Druid of the Talon Adept Training |
| 10:13 | Archer |
| 10:29 | Hunter's Hall |
| 10:30 | Hippogryph |
| 10:36 | Moonstone |
| 10:46 | Archer |
| 10:56 | Wisp |
| 10:56 | Wisp |
| 10:58 | Wisp |
| 11:10 | Wisp |
| 11:18 | Hippogryph |
| 11:19 | Druid of the Talon Master Training |
| 12:05 | Wisp |
| 12:06 | Wisp |
| 12:06 | Wisp |
| 12:08 | Ancient of Lore |
| 12:09 | Well Spring |
| 12:09 | Ultravision |
| 12:15 | Hippogryph |
| 13:28 | Boots of Speed |
| 13:28 | Staff of Teleportation |
| 13:36 | Boots of Speed |
| 14:01 | Moon Well |
| 14:02 | Moon Well |
| 14:04 | Druid of the Claw Adept Training |
| 14:14 | Scout |
| 14:17 | Staff of Preservation |
| 14:27 | Marksmanship |
| 14:56 | Wisp |
| 14:56 | Wisp |
| 15:13 | Druid of the Talon |
| 15:25 | Wisp |
| 15:25 | Wisp |
| 15:38 | Druid of the Talon |
| 15:47 | Druid of the Talon |
| 16:04 | Druid of the Talon |
| 16:28 | Forked Lightning |
| 16:40 | Druid of the Talon |
| 17:13 | Druid of the Claw |
| 17:20 | Wisp |
| 17:28 | Moonstone |
| 17:30 | Orb of Venom |
| 17:47 | Lesser Clarity Potion |
| 17:49 | Druid of the Talon |
| 17:51 | Druid of the Talon |
| 18:01 | Druid of the Claw Master Training |
| 18:09 | Archer |
| Right click | 1370 |
| Select group | 892 |
| Select | 526 |
| Build/train/purchase | 121 |
| Use ability | 85 |
| Assign group | 72 |
| Misc. action | 5 |
| Item give/drop | 2 |
37 units @ 4.7k
/ 0.6k
19 buildings @ 3.4k
/ 1.5k



| Healing Salve | 3 | 300 |
| Lesser Clarity Potion | 3 | 210 |
| Scroll of Speed | 1 | 50 |
| Scroll of Healing | 1 | 250 |
| Periapt of Vitality | 2 | 650 |
| Cloak of Flames | 1 | 500 |
| Helm of Valor | 1 | 500 |
| Sobi Mask | 1 | 400 |
| Alleria's Flute of Accuracy | 1 | 400 |
| total: | 14 | 3260g |
| Peon | 17 | 1275 | / | 0 |
| Troll Headhunter | 4 | 560 | / | 80 |
| Kodo Beast | 1 | 255 | / | 60 |
| Troll Berserker | 4 | 560 | / | 80 |
| Troll Witch Doctor | 2 | 290 | / | 50 |
| Shaman | 3 | 390 | / | 60 |
| Wind Rider | 2 | 530 | / | 80 |
| Tauren | 1 | 280 | / | 80 |
| Troll Batrider | 2 | 320 | / | 80 |
| Spirit Walker | 1 | 195 | / | 35 |
| total: | 37 | 4655g | / | 605w |
| Watch Tower | 1 | 110 | / | 80 |
| Altar of Storms | 1 | 180 | / | 50 |
| Orc Burrow | 8 | 1280 | / | 320 |
| Barracks | 1 | 180 | / | 50 |
| War Mill | 1 | 205 | / | 0 |
| Voodoo Lounge | 1 | 130 | / | 30 |
| Great Hall | 2 | 770 | / | 370 |
| Beastiary | 2 | 290 | / | 280 |
| Spirit Lodge | 1 | 150 | / | 150 |
| Tauren Totem | 1 | 135 | / | 155 |
| Stronghold | 1 | 315 | / | 190 |
| Fortress | 1 | 325 | / | 190 |
| total: | 19 | 3430g | / | 1485w |
| 0:03 | Peon |
| 0:03 | Peon |
| 0:05 | Altar of Storms |
| 0:17 | Orc Burrow |
| 0:22 | Peon |
| 0:22 | Peon |
| 1:00 | Barracks |
| 1:04 | War Mill |
| 1:11 | Peon |
| 1:28 | Orc Burrow |
| 1:34 | Peon |
| 1:49 | Peon |
| 1:50 | Peon |
| 2:15 | War Stomp |
| 2:16 | Troll Headhunter |
| 2:23 | Voodoo Lounge |
| 2:31 | Troll Headhunter |
| 2:44 | Troll Headhunter |
| 3:09 | Troll Headhunter |
| 3:12 | Peon |
| 3:35 | Healing Salve |
| 3:35 | Lesser Clarity Potion |
| 3:54 | Stronghold |
| 4:17 | Endurance Aura |
| 4:42 | Orc Burrow |
| 4:44 | Steel Ranged Weapons |
| 4:48 | Orc Burrow |
| 5:21 | Watch Tower |
| 5:41 | Great Hall |
| 5:43 | Endurance Aura |
| 5:59 | Healing Salve |
| 6:30 | Beastiary |
| 7:01 | Fortress |
| 7:24 | Healing Wave |
| 7:34 | Kodo Beast |
| 7:42 | Spirit Lodge |
| 8:03 | Periapt of Vitality |
| 8:46 | Healing Salve |
| 9:00 | Peon |
| 9:00 | Peon |
| 9:00 | Peon |
| 9:01 | Peon |
| 9:02 | Lesser Clarity Potion |
| 9:03 | Lesser Clarity Potion |
| 9:03 | Scroll of Speed |
| 9:09 | Witch Doctor Adept Training |
| 9:21 | Reinforced Defenses |
| 9:28 | Berserker Upgrade |
| 9:42 | Scroll of Healing |
| 10:01 | Serpent Ward |
| 10:10 | Witch Doctor Master Training |
| 10:11 | Peon |
| 10:11 | Peon |
| 10:12 | Steel Armor |
| 10:21 | Troll Berserker |
| 10:21 | Troll Berserker |
| 10:23 | Orc Burrow |
| 10:27 | Orc Burrow |
| 10:53 | War Stomp |
| 11:10 | Tauren Totem |
| 11:17 | Troll Witch Doctor |
| 11:22 | Peon |
| 11:22 | Peon |
| 11:52 | Cleaving Attack |
| 12:03 | Troll Witch Doctor |
| 12:05 | Steel Melee Weapons |
| 12:31 | Beastiary |
| 13:36 | Shaman Adept Training |
| 13:38 | Pulverize |
| 13:52 | War Drums Damage Increase |
| 14:15 | Healing Wave |
| 14:16 | Howl of Terror |
| 14:39 | Cloak of Flames |
| 14:45 | Helm of Valor |
| 14:52 | Sobi Mask |
| 15:01 | Shaman Master Training |
| 15:02 | Shaman |
| 15:02 | Shaman |
| 15:02 | Shaman |
| 15:05 | Thorium Melee Weapons |
| 15:35 | Great Hall |
| 15:49 | Wind Rider |
| 15:51 | Troll Berserker |
| 16:27 | Alleria's Flute of Accuracy |
| 16:39 | Tauren |
| 16:39 | Wind Rider |
| 16:41 | Troll Berserker |
| 16:53 | Orc Burrow |
| 16:56 | Orc Burrow |
| 17:21 | Thorium Ranged Weapons |
| 17:45 | Troll Batrider |
| 17:55 | Spirit Walker |
| 17:55 | Spirit Walker Adept Training |
| 18:13 | Troll Batrider |
| 18:28 | Periapt of Vitality |
| Right click | 670 |
| Select group | 527 |
| Select | 280 |
| Build/train/purchase | 99 |
| Assign group | 57 |
| Use ability | 47 |
| Item give/drop | 6 |
| Misc. action | 4 |
| Esc | 1 |
37 units @ 4.5k
/ 0.5k
17 buildings @ 3k
/ 1.2k



| Healing Salve | 6 | 600 |
| Lesser Clarity Potion | 6 | 420 |
| Scroll of Speed | 5 | 250 |
| Potion of Mana | 2 | 400 |
| Potion of Healing | 1 | 150 |
| Orb of Lightning | 1 | 375 |
| Scroll of Town Portal | 1 | 350 |
| total: | 22 | 2545g |
| Peon | 14 | 1050 | / | 0 |
| Troll Headhunter | 11 | 1540 | / | 220 |
| Troll Berserker | 10 | 1400 | / | 200 |
| Troll Witch Doctor | 1 | 145 | / | 25 |
| Goblin Shredder | 1 | 375 | / | 100 |
| total: | 37 | 4510g | / | 545w |
| Orc Burrow | 7 | 1120 | / | 280 |
| Altar of Storms | 1 | 180 | / | 50 |
| War Mill | 1 | 205 | / | 0 |
| Barracks | 2 | 360 | / | 100 |
| Voodoo Lounge | 1 | 130 | / | 30 |
| Great Hall | 1 | 385 | / | 185 |
| Spirit Lodge | 4 | 600 | / | 600 |
| Stronghold | 2 | 630 | / | 380 |
| Fortress | 1 | 325 | / | 190 |
| total: | 17 | 2980g | / | 1245w |
| 0:01 | Peon |
| 0:02 | Peon |
| 0:02 | Peon |
| 0:20 | Orc Burrow |
| 0:33 | Altar of Storms |
| 0:34 | Peon |
| 0:48 | War Mill |
| 0:51 | Peon |
| 1:04 | Barracks |
| 1:13 | Peon |
| 1:13 | Peon |
| 1:24 | Peon |
| 1:41 | Orc Burrow |
| 1:46 | Peon |
| 1:47 | Peon |
| 2:06 | Troll Headhunter |
| 2:22 | Troll Headhunter |
| 2:27 | Voodoo Lounge |
| 2:37 | Mirror Image |
| 2:45 | Troll Headhunter |
| 3:11 | Stronghold |
| 3:33 | Troll Headhunter |
| 3:51 | Troll Headhunter |
| 4:11 | Troll Headhunter |
| 4:48 | Orc Burrow |
| 6:00 | Fortress |
| 6:02 | Troll Regeneration |
| 6:03 | Orc Burrow |
| 6:34 | Troll Headhunter |
| 6:47 | Hex |
| 6:49 | Healing Salve |
| 6:49 | Lesser Clarity Potion |
| 6:49 | Healing Salve |
| 7:16 | Great Hall |
| 7:26 | Spirit Lodge |
| 7:39 | Critical Strike |
| 8:12 | Spirit Lodge |
| 8:17 | Healing Wave |
| 8:32 | Troll Headhunter |
| 8:58 | Scroll of Speed |
| 9:01 | Potion of Mana |
| 9:01 | Lesser Clarity Potion |
| 9:03 | Healing Salve |
| 9:25 | Potion of Healing |
| 9:30 | Critical Strike |
| 9:51 | Troll Headhunter |
| 10:11 | Troll Headhunter |
| 10:48 | Berserker Upgrade |
| 11:09 | Orb of Lightning |
| 11:13 | Healing Salve |
| 11:13 | Scroll of Speed |
| 11:16 | Troll Headhunter |
| 11:36 | Barracks |
| 11:38 | Steel Ranged Weapons |
| 11:38 | Steel Armor |
| 12:05 | Troll Berserker |
| 12:09 | War Stomp |
| 12:21 | Lesser Clarity Potion |
| 12:21 | Scroll of Speed |
| 12:22 | Healing Salve |
| 12:31 | Troll Berserker |
| 13:16 | Goblin Shredder |
| 13:20 | Troll Berserker |
| 13:29 | Troll Berserker |
| 13:31 | Healing Wave |
| 13:37 | Orc Burrow |
| 13:40 | Orc Burrow |
| 13:46 | Troll Berserker |
| 14:06 | Orc Burrow |
| 15:06 | Troll Berserker |
| 15:13 | Troll Berserker |
| 15:30 | Spirit Lodge |
| 15:35 | Troll Berserker |
| 15:37 | Thorium Ranged Weapons |
| 15:37 | Arcanite Ranged Weapons |
| 15:40 | Lesser Clarity Potion |
| 15:41 | Scroll of Town Portal |
| 15:43 | Potion of Mana |
| 15:43 | Lesser Clarity Potion |
| 15:45 | Scroll of Speed |
| 16:10 | Peon |
| 16:10 | Peon |
| 16:10 | Peon |
| 16:11 | Peon |
| 17:21 | Troll Berserker |
| 17:53 | Troll Berserker |
| 17:54 | Thorium Armor |
| 17:55 | Spirit Lodge |
| 17:56 | Troll Witch Doctor |
| 18:00 | Healing Salve |
| 18:00 | Lesser Clarity Potion |
| 18:01 | Scroll of Speed |
| Right click | 1539 |
| Select group | 615 |
| Select | 531 |
| Misc. action | 259 |
| Build/train/purchase | 148 |
| Chat | 148 |
| Assign group | 58 |
| Use ability | 36 |
| Esc | 3 |
| Item give/drop | 1 |
⇛